 Dungeon Crawl Stone Soup version 0.28-a0-804-g60983d4ba9 (webtiles) character file.

Game seed: 8783296553186701469

152 cheechan the Covert (level 5, -1/49 HPs)
             Began as a Naga Delver on Nov 7, 2021.
             Slain by Robin (7 damage)
             ... on level 4 of the Dungeon.
             The game lasted 00:11:48 (3590 turns).

cheechan the Covert (Naga Delver)                   Turns: 3590, Time: 00:11:49

Health: -1/49      AC:  4    Str: 22    XL:     5   Next: 34%
Magic:  2/5        EV:  9    Int: 10    God:
Gold:   112        SH:  0    Dex: 12    Spells: 3/4 levels left

rFire   . . .      SeeInvis +   k - +3 mace
rCold   . . .      Faith    .   (no shield)
rNeg    + . .      Spirit   .   b - +0 leather armour
rPois   +          Reflect  .   (no helmet)
rElec   .          Harm     .   n - +0 cloak
rCorr   .          Rampage  .   (no gloves)
Will    .....                   (no barding)
Stlth   +++.......              (no amulet)
HPRegen 0.16/turn               i - ring of positive energy
MPRegen 0.09/turn               h - +6 ring of strength

@: very slightly contaminated, very slow
A: AC +1, large, see invisible, deformed body, poison resistance, slowness 2,
spit poison 1, naga tail 1
a: Spit Poison


You were on level 4 of the Dungeon.
You visited 1 branch of the dungeon, and saw 5 of its levels.

You collected 112 gold pieces.

Inventory:

Hand Weapons
 k - a +3 mace (weapon)
 r - a +0 hunting sling
Missiles
 l - 4 boomerangs
 m - 24 bolts
 p - 15 arrows
 q - 17 sling bullets
Armour
 b - a +0 leather armour (worn)
 n - a +0 cloak (worn)
Jewellery
 h - a +6 ring of strength (right hand)
 i - a ring of positive energy (left hand)
Wands
 a - a wand of charming (7)
 g - a wand of digging (3)
Scrolls
 c - a scroll of fog
 d - a scroll of magic mapping
 e - 2 scrolls of fear
Potions
 f - a potion of haste
 j - 3 potions of lignification
 o - 2 potions of curing


   Skills:
 + Level 3.4 Fighting
 + Level 3.2 Maces & Flails
 + Level 1.5 Armour
 + Level 2.0 Dodging
 + Level 8.2 Stealth
 + Level 0.1 Transmutations
 + Level 1.2 Poison Magic


You had 3 spell levels left.
You knew the following spells:

 Your Spells              Type           Power      Damage    Failure   Level
a - Sting                 Tmut/Pois      4%         1d3       32%         1

Your spell library contained the following spells:

 Spells                   Type           Power      Damage    Failure   Level
 Sandblast                Erth           0%         2d4       41%         1
 Passwall                 Tmut/Erth      0%         N/A       54%         2
 Ozocubu's Armour         Ice            0%         N/A       78%         3
 Stone Arrow              Conj/Erth      0%         3d7       78%         3
 Metabolic Englaciation   Hex/Ice        0%         N/A       100%        5
 Simulacrum               Ice/Necr       0%         N/A       100%        6


Dungeon Overview and Level Annotations

Branches:
Dungeon (5/15)
 Temple: D:4-7

Altars:
Sif Muna
Trog

Annotations:
D:4 Robin


Innate Abilities, Weirdness & Mutations

Your serpentine skin is tough. (AC +1)
You have supernaturally acute eyesight. (SInv)
Armour fits poorly on your strangely shaped body.
Your system is resistant to poisons. (rPois)
You cover ground very slowly.
You can spit poison.
You have a snake-like lower body.


Message History

Robin hits you from afar with a +0 trident!
Casting: Sting (safe; 32% risk of failure)
Confirm with . or Enter, or press ? or * to list all spells.
Aiming: Sting (safe; 32% risk of failure)
Press: ? - help, Shift-Dir - straight line, f - goblin
Aim: a goblin, wielding a +0 club (strong, 55% to hit)
The sting hits the goblin.
The goblin is poisoned.
The goblin is severely wounded.
The goblin barely misses you. Robin closely misses you.
Unknown command.
Casting: Sting (safe; 32% risk of failure)
Confirm with . or Enter, or press ? or * to list all spells.
Aiming: Sting (safe; 32% risk of failure)
Press: ? - help, Shift-Dir - straight line, f/p - goblin
Aim: a goblin, wielding a +0 club (severely wounded, strong, poisoned, 55% to hit)
You miscast Sting.
You are very lightly contaminated with residual magic.
Nothing appears to happen.
You kill the goblin!
Robin throws the goblin at you!
You closely miss the goblin. The goblin completely misses you.
Robin hits you from afar with a +0 trident.
You barely miss the goblin. The goblin hits you with a +0 dagger.
Robin hits you from afar with a +0 trident.
* * * LOW HITPOINT WARNING * * *
You barely miss the goblin. The goblin hits you but does no damage.
Robin hits you from afar with a +0 trident.
* * * LOW HITPOINT WARNING * * *
A goblin comes into view. It is wielding a +0 dagger.
The goblin hits you but does no damage.
You hit the goblin.
The goblin is moderately wounded.
Robin hits you from afar with a +0 trident.
* * * LOW HITPOINT WARNING * * *
The goblin barely misses you.
You hit the goblin.
The goblin is severely wounded.
The goblin barely misses you.
Robin hits you from afar with a +0 trident!
You die...

#....#.####.
#...........
###.......###
#....#.......
#.##.<.....#
#######....#...#.##
.........###.#....#
#.#######.<..........#
#...g@gg...####......#
.....####)..............
### #.#######.....##
..g. ####+##. ##...# #.
#g⌠g# #. #.g.# #. ..gg.
.. ###


You could see Robin and 2 goblins.

Vanquished Creatures
  4 adders
  A gnoll (D:3)
  A white imp (D:3)
  A worm (D:2)
  2 dart slugs
  6 orcs (D:3)
  7 ball pythons
  10 endoplasms
  3 giant cockroaches
  12 goblins
  4 hobgoblins
  7 jackals (D:2)
  3 kobolds (D:3)
  4 quokkas
  7 frilled lizards
  6 rats
78 creatures vanquished.

Notes
Turn   | Place    | Note
-------+----------+-------------------------------------------
     0 | D:5      | cheechan the Naga Delver began the quest for the Orb.
     0 | D:5      | Reached XP level 1. HP: 21/21 MP: 1/1
     4 | D:5      | Noticed a gnoll sergeant
    88 | D:4      | Noticed a sky beast
   192 | D:3      | Reached XP level 2. HP: 20/28 MP: 2/2
   288 | D:2      | Reached XP level 3. HP: 17/34 MP: 3/3
   606 | D:2      | Found a faded altar of an unknown god.
   679 | D:2      | Reached skill level 8 in Stealth
  1161 | D:2      | Reached XP level 4. HP: 8/42 MP: 4/4
  1766 | D:1      | Reached skill level 1 in Armour
  2885 | D:3      | Found a shimmering blue altar of Sif Muna.
  2900 | D:3      | Got Sif Muna's Collected Works on Poisoning
  2905 | D:3      | Learned a level 1 spell: Sting
  2913 | D:3      | Found a bloodstained altar of Trog.
  2923 | D:3      | Reached skill level 1 in Poison Magic
  3253 | D:3      | Reached XP level 5. HP: 17/49 MP: 5/5
  3566 | D:4      | Noticed Robin
  3590 | D:4      | Slain by Robin

Illustrated notes

Levels and vault maps discovered:
D:1:      dpeg_arrival_orchard, layout_basic, serial_corexii_hall,
          corexii_hall_statues_x, chequers_hall_statues_y
D:2:      layout_loops_ring, dilly_ecumenical_altar_fadedgnrine,
          minmay_hexomino_f4
D:3:      layout_loops_corners, nzn_overflow_gifts_of_might_and_magic
D:4:      layout_basic, mainiacjoe_overflow_brackets,
          minmay_temple_entry_junction, uniq_robin
D:5:      layout_basic, nicolae_ossuary_entry_catacombs, uniq_prince_ribbit1

Skill      XL: |  1  2  3  4  5 |
---------------+----------------+-----
Stealth        | 8 |  8.2
Armour         | 1 |  1.5
Poison Magic   | 1 |  1.2
Maces & Flails | 3 |  3.2
Dodging        | 2 |  2.0
Fighting       | |  3.4
Transmutations | |  0.1

Action                   |  1- 3 |  4- 6 || total
-------------------------+-------+-------++-------
Melee: Mace              |    80 |   120 ||   200
 Cast: Sting             |       |     6 ||     6
 Abil: Spit Poison       |    18 |     6 ||    24
  Use: Scroll            |       |     5 ||     5
 Stab: Sleeping          |     6 |     9 ||    15
Armor: Leather armour    |    27 |    47 ||    74
Dodge: Dodged            |    43 |    75 ||   118

Table legend: (Time is in decaauts)
 A = Elapsed time spent in this place.
 B = Non-inter-level travel time spent in this place.
 C = Inter-level travel time spent in this place.
 D = Time resting spent in this place.
 E = Time spent auto-exploring this place.
 F = Levels seen in this place.
 G = Mean time per level.
                   A        B        C        D        E       F      G
               +--------+--------+--------+--------+--------+-----+--------+
         Total |   4685 |   4685 |      0 |    673 |      0 |   5 |  937.0 |
       Dungeon |   4685 |   4685 |      0 |    673 |      0 |   5 |  937.0 |
               +--------+--------+--------+--------+--------+-----+--------+

Top non-repeatable levels by time:
     D:2: 1809 daAuts
     D:1: 1482 daAuts
     D:3: 1173 daAuts
     D:4: 162 daAuts
     D:5: 58 daAuts
